 Dungeon Crawl Stone Soup version 0.26-a0-651-gb41185065b (webtiles) character file.

Game seed: 2177699998756510175

(classic levelgen) 5 EnegeticOcto the Sneak (level 1, -5/20 HPs)
             Began as a Deep Dwarf Delver on Oct 23, 2020.
             Slain by an ogre
             ... wielding a +0 giant club
              (20 damage)
             ... on level 5 of the Dungeon.
             The game lasted 00:00:14 (30 turns).

EnegeticOcto the Sneak (Deep Dwarf Delver)            Turns: 30, Time: 00:00:14

Health: -5/20      AC:  3    Str: 15    XL:     1   Next: 66%
Magic:  1/1        EV: 12    Int: 10    God:
Gold:   0          SH:  0    Dex: 14    Spells: 0/0 levels left

rFire    . . .     SeeInvis .   a - +0 hand axe
rCold    . . .     Faith    .   (no shield)
rNeg     . . .     Spirit   .   b - +0 leather armour
rPois    .         Reflect  .   (no helmet)
rElec    .         Harm     .   (no cloak)
rCorr    .         Rampage  .   (no gloves)
MR       .....                  (no boots)
Stlth    +++.......             (no amulet)
HPRegen  0.00/turn              (no ring)
MPRegen  0.07/turn              (no ring)

@: non-regenerating
A: damage resistance, heal wounds, sense surroundings 1, no regeneration
a: Heal Wounds


You were on level 5 of the Dungeon.
You visited 1 branch of the dungeon, and saw 1 of its levels.

Inventory:

Hand Weapons
 a - a +0 hand axe (weapon)
Armour
 b - a +0 leather armour (worn)
Wands
 g - a wand of digging (3) {@v3}
Scrolls
 c - a scroll of fog
 d - a scroll of magic mapping {@r5}
 e - a scroll of fear
Potions
 f - a potion of haste {@q4}
 h - a potion of invisibility {unknown}


   Skills:
 - Level 2.6 Fighting
 + Level 2.8 Axes
 - Level 2.1 Dodging
 - Level 6.0 Stealth


You couldn't memorise any spells.
You didn't know any spells.
Your spell library was empty.

Dungeon Overview and Level Annotations

Branches:
Dungeon (5/15)
 Temple: D:4-7

Altars:


Innate Abilities, Weirdness & Mutations

You are resistant to damage.
You can heal yourself by infusing magical energy.
You passively map a small area around you.
You do not regenerate.


Message History

Welcome, EnegeticOcto the Deep Dwarf Delver.
It is said that the Orb of Zot exists deep within this dungeon.
Press ? for a list of commands and other information.
Found a viscous inky potion and a hunting sling.
Found a stone staircase leading down.
An ufetubus comes into view.
The ufetubus shouts!
You see here a viscous inky potion.
h - a viscous inky potion The ufetubus barely misses you.
The ufetubus closely misses you.
You hit the ufetubus but do no damage.
The ufetubus hits you but does no damage.
The ufetubus closely misses you.
You miss the ufetubus.
The ufetubus hits you but does no damage.
The ufetubus hits you.
The ufetubus hits you but does no damage. x2
You closely miss the ufetubus. The ufetubus closely misses you.
The ufetubus hits you. The ufetubus barely misses you.
The ufetubus hits you but does no damage.
You completely miss the ufetubus. The ufetubus completely misses you.
The ufetubus hits you. x2
The ufetubus hits you but does no damage.
You hit the ufetubus.
The ufetubus is lightly wounded.
The ufetubus misses you. x2
You hit the ufetubus.
The ufetubus is moderately wounded.
The ufetubus closely misses you. The ufetubus barely misses you. x2
The ufetubus hits you but does no damage.
You slash the ufetubus!
You kill the ufetubus!
No target in view!
Found 15 stones.
Found a green potion.
You enter the shallow water.
Moving in this stuff is going to be slow.
An ogre comes into view. It is wielding a +0 giant club.
Found a scroll labeled ZAM NEASUOSH.
You hit the ogre.
The ogre is lightly wounded.
The ogre closely misses you.
You barely miss the ogre.
The ogre is lightly wounded.
The ogre completely misses you.
You hit the ogre but do no damage.
The ogre is lightly wounded.
The ogre misses you.
You feel much better.
You hit the ogre but do no damage.
The ogre is lightly wounded.
The ogre misses you.
You hit the ogre.
The ogre is moderately wounded.
The ogre barely misses you.
You hit the ogre.
The ogre is moderately wounded.
The ogre hits you with a +0 giant club.
You hit the ogre.
The ogre is heavily wounded.
The ogre hits you with a +0 giant club!!
Ouch! That really hurt!
You die...

, , , * *
#..≈≈........# ,
##.≈..≈.......## ,
#≈≈≈..≈..≈≈...≈##
, ,
≈≈≈..≈..≈..≈..≈≈#,
≈≈...≈.⌠≈..≈..≈≈#
≈≈..≈..≈⌠.≈...≈≈#,
≈≈..≈..O..≈..≈≈≈#
#≈...≈≈@.≈..≈≈≈#*
,, ##.......≈..≈.#
, #..!.....≈≈..#
.#
#............##.#
,
?..............#.#
.
.....(........##.#
..
#############.##.#
*.# #..#.###.###
##.#.......#


You could see an ogre.

Vanquished Creatures
  An ufetubus (D:5)
1 creature vanquished.

Notes
Turn   | Place    | Note
-------+----------+-------------------------------------------
     0 | D:5      | EnegeticOcto the Deep Dwarf Delver began the quest for the
                  | Orb.
     0 | D:5      | Reached XP level 1. HP: 20/20 MP: 1/1
    19 | D:5      | Noticed an ogre
    30 | D:5      | Slain by an ogre

Illustrated notes

Levels and vault maps discovered:
D:5:      cheibrodos_helix_gallery, layout_basic

Action                   || total
-------------------------++-------
Melee: Hand axe          ||    14
 Abil: Heal Wounds       ||     1
Armor: Leather armour    ||     7
Dodge: Dodged            ||    16

Table legend: (Time is in decaauts)
 A = Elapsed time spent in this place.
 B = Non-inter-level travel time spent in this place.
 C = Inter-level travel time spent in this place.
 D = Time resting spent in this place.
 E = Time spent auto-exploring this place.
 F = Levels seen in this place.
 G = Mean time per level.
                   A        B        C        D        E       F      G
               +--------+--------+--------+--------+--------+-----+--------+
         Total |     32 |     32 |      0 |      0 |      0 |   1 |   32.0 |
       Dungeon |     32 |     32 |      0 |      0 |      0 |   1 |   32.0 |
               +--------+--------+--------+--------+--------+-----+--------+

Top non-repeatable levels by time:
     D:5: 32 daAuts
